 Dungeon Crawl Stone Soup version 0.26-a0-651-gb41185065b (webtiles) character file.

Game seed: 7204423583675871985

331305 Flugslaktarn the Warrior (level 20, -20/228 HPs)
             Began as a Deep Dwarf Fighter on Oct 14, 2020.
             Was the Champion of Makhleb.
             Killed from afar by an ancient lich (76 damage)
             ... with a crystal spear
             ... on level 4 of the Realm of Zot.
             The game lasted 00:19:15 (21702 turns).

Flugslaktarn the Warrior (Deep Dwarf Fighter)      Turns: 21702, Time: 00:19:16

Health: -20/228    AC: 24    Str: 23    XL:     20   Next: 48%
Magic:  7/7        EV:  6    Int:  7    God:    Makhleb [******]
Gold:   1199       SH: 23    Dex: 21    Spells: 19/19 levels left

rFire    + + +     SeeInvis .   a - +7 broad axe (elec)
rCold    + . .     Faith    .   i - +2 tower shield
rNeg     + . .     Spirit   .   U - +4 gold dragon scales
rPois    +         Reflect  .   c - +2 helmet
rElec    +         Harm     .   G - +0 cloak
rCorr    .         Rampage  .   O - +2 pair of gloves {Dex+3}
MR       +++..                  P - +1 pair of boots of Inviolability {rElec}
Stlth    ..........             K - amulet of the acrobat
HPRegen  0.00/turn              f - ring of protection from fire
MPRegen  0.10/turn              M - ring of protection from fire

@: mighty, corroded, non-regenerating, drained
A: damage resistance, heal wounds, blurry vision 1, dopey 1, low mp 1, negative
energy resistance 1, sense surroundings 3, robust 1, electricity resistance, no
regeneration
0: Orb of Zot
}: 3/15 runes: serpentine, barnacled, abyssal
a: Heal Wounds, Minor Destruction, Lesser Servant of Makhleb, Major Destruction,
Greater Servant of Makhleb, Renounce Religion


You were on level 4 of the Realm of Zot.
You worshipped Makhleb.
Makhleb was exalted by your worship.
You visited 8 branches of the dungeon, and saw 41 of its levels.
You visited the Abyss 1 time.
You also visited: Volcano.

You collected 3232 gold pieces.
You spent 2033 gold pieces at shops.

Inventory:

Hand Weapons
 a - a +7 broad axe of electrocution (weapon)
   (You acquired it on level 3 of the Lair of Beasts)
 b - a +1 broad axe of distortion
   (You took it off a naga on level 4 of the Snake Pit)
Missiles
 u - 3 throwing nets (quivered)
Armour
 c - a +2 helmet (worn)
   (You bought it in a shop on level 2 of the Orcish Mines)
 i - a +2 tower shield (worn)
   (You took it off Louise on level 14 of the Dungeon)
 E - a +0 kite shield
 G - a +0 cloak (worn)
   (You found it on level 9 of the Dungeon)
 J - the +6 plate armour "Owamuf" {+Inv rC++}
   (You bought it in a shop on level 2 of the Orcish Mines)

   It greatly protects you from cold.
   It lets you turn invisible.
 O - a +2 pair of gloves of dexterity (worn)
   (You found it in a volcano)
 P - the +1 pair of boots of Inviolability (worn) {rElec}
   (You found it on level 8 of the Dungeon)

   It insulates you from electricity.
 U - +4 gold dragon scales (worn)
   (You found it on level 5 of the Depths)
Jewellery
 f - a ring of protection from fire (left hand)
   (You found it on level 4 of the Snake Pit)
 m - an uncursed ring of protection from magic
   (You found it on level 5 of the Lair of Beasts)
 o - an uncursed ring of poison resistance
   (You found it on level 2 of the Lair of Beasts)
 s - an uncursed ring of see invisible {unknown}
   (You found it on level 2 of the Snake Pit)
 K - an amulet of the acrobat (around neck)
   (You took it off an orc on level 10 of the Dungeon)
 M - a ring of protection from fire (right hand)
   (You found it on level 1 of the Depths)
 R - a +6 ring of strength
   (You took it off a kobold on level 11 of the Dungeon)
Wands
 e - a wand of paralysis (17)
   (You found it on level 13 of the Dungeon)
 g - a wand of digging (32)
   (You took it off Duvessa on level 4 of the Dungeon)
 B - a wand of iceblast (3)
   (You found it on level 11 of the Dungeon)
 H - a wand of acid (17)
   (You found it on level 15 of the Dungeon)
Scrolls
 j - 2 scrolls of immolation
 r - 4 scrolls of identify
 t - 5 scrolls of teleportation
 x - 4 scrolls of remove curse
 y - a scroll of fog
 N - 3 scrolls of holy word
 Q - a scroll of fear
Potions
 d - 2 potions of might
 h - 4 potions of haste
 k - 3 potions of ambrosia
 n - 4 potions of resistance
 p - 3 potions of lignification
 q - 5 potions of curing
 v - 5 potions of berserk rage
 w - 8 potions of heal wounds
 A - a potion of magic {unknown}
 D - 4 potions of mutation
 I - 3 potions of flight
 S - a potion of cancellation
 T - a potion of invisibility
Miscellaneous
 C - a tin of tremorstones (3/3)
   (You found it on level 5 of the Depths)
 F - a condenser vane (2/2)
   (You bought it in a shop on level 8 of the Dungeon)


   Skills:
 * Level 19.3(18.4) Fighting
 - Level 18.0(17.1) Axes
 + Level 16.8(15.9) Armour
 - Level 5.1(4.5) Dodging
 + Level 16.2(15.3) Shields
 - Level 15.0(14.1) Invocations
 - Level 10.0(9.2) Evocations


You had 19 spell levels left.
You didn't know any spells.
Your spell library was empty.

Dungeon Overview and Level Annotations

Branches:
Dungeon (15/15)            Temple (1/1) D:7            Lair (5/6) D:9
 Shoals (4/4) Lair:3        Snake (4/4) Lair:2          Orc (2/2) D:10
    Elf (0/3) Orc:2        Vaults (0/5) D:14         Depths (5/5) D:15
    Zot (5/5) Depths:5    Volcano (visited)
  Slime: Lair:5-6

Altars:
Ashenzari
Cheibriados
Dithmenos
Elyvilon
Fedhas
Hepliaklqana
Kikubaaqudgha
Makhleb
Nemelex Xobeh
Okawaru
Sif Muna
Trog
Uskayaw
Vehumet
Wu Jian
Xom
Yredelemnul
Zin
The Shining One
Beogh

Shops:
D:5 =:!*}   D:6 (   D:7 }   D:8 }   D:15 :?*:!   Orc:2 :[?}

Portals:
Hell: Depths:1 Depths:3 Depths:4

Annotations:
Depths:1 exclusion: obsidian statue
Depths:5 1 transporter, EnegeticOcto's ghost, adept DDFi


Innate Abilities, Weirdness & Mutations

You are resistant to damage.
You can heal yourself by infusing magical energy.
You resist negative energy. (rN+)
You passively map a large area around you.
You do not regenerate.
Scrolls take you a little longer to read.
You are dopey. (Int -2)
Your magical capacity is low. (-10% MP)
You are robust. (+10% HP)
You are resistant to electric shocks. (rElec)


Message History

You feel much better.
You feel yourself slow down.
The ancient lich touches you but does no damage.
You feel much better. You block the ancient lich's attack.
You slash the ancient lich!
The ancient lich is moderately damaged.
The ancient lich touches you.
* * * LOW HITPOINT WARNING * * *
Your magical essence is drained by the effort!
You feel much better. The ancient lich touches you!
* * * LOW HITPOINT WARNING * * *
You partially resist.
You feel drained.
You hit the ancient lich but do no damage.
The ancient lich is moderately damaged.
Your hearing returns.
You slice the ancient lich!!
The ancient lich is heavily damaged.
The ancient lich casts a spell at you. The crystal spear hits you!!!!
You die...

,,,,,,,,,,,,,,,,,*#.....+,,,,,,,,
,,,,,,,,,,,,,,,,*#......*,,,,,,**
,,,,,,,,,,,,,,,##...⌠...+,*,,,,,*
,,,,,,,,,,,,,,##........*,*,,**,,
,,,,,,,,,,,,,##?.....#***,,,,,,^,
,,,,,,,#######.[⌠..#####**,,,,,,,
*,,,,,##.⌠.##.[)).......,*,,,,,,,
*,,,,,#.....#...........,,,,***,,
*,,,,,#⌠.<..'.⌠.@.⌠..⌠..,*,,**,,,
**,,,,#.....#..L........,,,,,,,,<
**,,,,##.⌠.##...........,*,,,,,,,
,**,,,,#######..⌠..#####********,
,**,,,**,,,**##......****,*****,,
,,**,,,**,,,**##.....,,,*,,,,,,,,
,,**,,,***,,,**##...⌠.,,,,,,,,,,,
,,,**,,,***,,,***#.....,*****,,,,
*,,,**,,,***,,,****,,,,,,,***,,,,


You could see an ancient lich.

Vanquished Creatures
  A seraph (Zot:5)
  2 orbs of fire (Zot:3)
  4 golden dragons
  2 bone dragons (Abyss:3)
  A tentacled monstrosity (Zot:4)
  Rupert (Depths:1)
  6 Orb Guardians (Zot:5)
  A lich (Depths:2)
  A quicksilver dragon (Zot:1)
  Polyphemus (Shoals:2)
  A death cob (Zot:5)
  7 tentacled starspawn
  2 storm dragons
  A draconian monk (Zot:4)
  8 nagarajas (Snake:4)
  5 tengu reavers
  An orc warlord (Orc:1)
  2 draconian scorchers
  4 frost giants
  A deep elf sorcerer (Abyss:3)
  A draconian knight (Depths:5)
  5 fire giants
  3 draconian annihilators
  Louise (D:14)
  A draconian shifter (Zot:3)
  7 very ugly things
  3 spriggan defenders
  6 stone giants
  2 green draconians (Depths:5)
  Azrael (D:14)
  7 spark wasps
  2 black draconians
  2 purple draconians (Zot:5)
  The ghost of gbos the Cleaver, a journeyman DDFi of Ru (Lair:2)
  7 white draconians
  4 red draconians
  A lorocyproca (Abyss:3)
  4 ettins
  7 merfolk impalers
  7 fire dragons
  A yaktaur captain (Depths:3)
  2 great orbs of eyes
  Fannar (Lair:2)
  4 rakshasas
  8 ice dragons
  Erolcha (Orc:2)
  2 spriggan air magi (Depths:5)
  9 naga warriors
  4 hydras
  A catoblepas (Shoals:2)
  2 merfolk avatars
  A hell beast (Depths:1)
  2 anacondas
  5 centaur warriors
  6 ogre magi
  A merfolk aquamancer (Shoals:4)
  A death knight (D:14)
  2 satyrs
  5 deep troll shamans (Depths:5)
  12 two-headed ogres
  2 death yaks (Shoals:2)
  7 deep troll earth magi
  2 thrashing horrors (Abyss:3)
  16 naga sharpshooters
  4 shock serpents
  5 wretched stars
  2 tengu warriors (D:15)
  5 spriggan berserkers
  2 sun demons
  5 spriggans
  An iron troll (Depths:5)
  Nergalle (Orc:2)
  2 soul eaters (Depths:1)
  2 hell knights
  2 sea snakes
  3 spatial maelstroms
  A shadow demon (Abyss:4)
  4 unseen horrors
  9 skeletal warriors (D:15)
  20 deep trolls
  A sixfirhy (Abyss:3)
  3 salamander mystics
  5 naga ritualists
  A glowing orange brain (Abyss:4)
  Pikel (D:6)
  4 harpies (Shoals:3)
  2 orc knights
  An orb spider (Abyss:3)
  2 deep elf magi
  5 mana vipers
  7 orc sorcerers
  14 ugly things
  7 salamanders
  14 manticores
  6 moths of wrath
  7 cyclopes
  4 fauns
  2 centaur zombies
  23 black mambas
  17 naga magi
  A worldbinder (Abyss:3)
  2 rust devils
  Psyche (D:8)
  2 guardian serpents
  4 water nymphs
  An apocalypse crab (Abyss:3)
  2 smoke demons
  5 cane toads
  4 orange demons
  4 gargoyles
  3 spectral swamp worms (Depths:4)
  A freezing wraith (D:14)
  4 komodo dragons
  18 yaktaurs
  A tengu conjurer (D:13)
  2 efreet (Abyss:3)
  4 ancient zymes (Abyss:3)
  An ice devil (Depths:1)
  9 large abominations
  A red devil (Depths:1)
  7 trolls
  Grinder (D:4)
  A polar bear (Lair:2)
  A wind drake (shapeshifter) (Depths:3)
  2 raiju (Abyss:3)
  9 merfolk
  6 hornets
  12 slime creatures
  5 snapping turtles
  5 hippogriffs
  An air elemental (Abyss:3)
  4 wyverns
  7 starcursed masses
  5 shadows
  A spriggan (shapeshifter) (Depths:3)
  A centaur simulacrum (D:15)
  A ynoxinul (Abyss:3)
  A basilisk (shapeshifter) (Depths:4)
  9 water elementals
  Eustachio (D:6)
  5 fire elementals (D:14)
  31 yaks
  3 wraiths
  10 vampire mosquitoes
  3 neqoxecs (Abyss:3)
  2 wargs
  2 spatial vortices
  31 nagas
  Edmund (D:4)
  2 acid dragons (D:15)
  2 hell hounds (D:14)
  Duvessa (D:4)
  9 water moccasins
  A swamp drake (D:10)
  A floating eye (shapeshifter) (Depths:5)
  20 orc warriors
  3 porcupines
  4 phantoms
  A sky beast (D:8)
  A necrophage (D:10)
  8 ice beasts
  9 ogres
  3 eyes of draining
  5 centaurs
  3 lemures (D:6)
  5 crocodiles
  5 small abominations (Abyss:3)
  4 big kobolds
  Blork the orc (D:6)
  15 bullfrogs
  A wyvern zombie (D:15)
  A water moccasin zombie (D:8)
  A wyvern skeleton (D:11)
  Dowan (D:4)
  11 killer bees
  2 scorpions
  4 wights (D:10)
  4 howler monkeys
  5 crimson imps (Depths:1)
  2 quasits
  A bullfrog zombie (D:8)
  3 bullfrog skeletons
  3 hounds
  A gnoll shaman (D:7)
  12 orc priests
  36 orc wizards
  3 iguanas
  2 iron imps
  5 centaur skeletons
  8 worker ants
  2 hound zombies
  A hound skeleton (D:7)
  2 worker ant zombies
  11 adders
  4 gnolls (D:7)
  A howler monkey skeleton (D:5)
  2 shadow imps
  6 white imps
  An ufetubus (Abyss:4)
  An ooze (D:3)
  2 adder skeletons
  2 adder zombies
  A worm (D:3)
  A dart slug (D:1)
  5 leopard geckos
  108 orcs
  4 bats
  5 giant cockroaches
  6 goblins
  6 hobgoblins
  8 quokkas
  A frilled lizard (D:4)
  12 kobolds
  A leopard gecko skeleton (D:5)
  2 leopard gecko zombies
  2 quokka skeletons
  A quokka zombie (D:5)
  4 rats
  A butterfly (Lair:1)
  2 lurking horrors
  11 starspawn tentacles
1078 creatures vanquished.

Vanquished Creatures (collateral kills)
  A nagaraja (Snake:4)
  A yaktaur captain (D:14)
  3 naga warriors (Snake:4)
  A death knight (D:14)
  2 two-headed ogres (Volcano)
  A skeletal warrior (D:14)
  A black mamba (Snake:4)
  A cane toad (Lair:1)
  A yaktaur (D:14)
  A troll (D:12)
  2 hippogriffs
  An acid dragon (D:13)
  A jelly (D:13)
  3 orcs (D:12)
20 creatures vanquished.

Vanquished Creatures (others)
  A rust devil (Depths:1)
  A shadow (D:11)
  5 fungi
  24 plants
  14 starspawn tentacles
45 creatures vanquished.

Grand Total: 1143 creatures vanquished

Notes
Turn   | Place    | Note
-------+----------+-------------------------------------------
     0 | D:1      | Flugslaktarn the Deep Dwarf Fighter began the quest for the
                  | Orb.
     0 | D:1      | Reached XP level 1. HP: 20/20 MP: 1/1
   285 | D:1      | Reached XP level 2. HP: 27/27 MP: 2/2
   369 | D:1      | Reached skill level 3 in Fighting
   422 | D:2      | Reached XP level 3. HP: 24/34 MP: 3/3
   520 | D:3      | Found a shadowy altar of Dithmenos.
   806 | D:3      | Reached XP level 4. HP: 34/42 MP: 4/4
   894 | D:4      | Noticed Grinder
   902 | D:4      | Paralysed by Grinder for 4 turns
   913 | D:4      | Paralysed by Grinder for 4 turns
   931 | D:4      | Paralysed by Grinder for 5 turns
   941 | D:4      | Killed Grinder
   941 | D:4      | Reached skill level 4 in Fighting
   941 | D:4      | Reached XP level 5. HP: 28/50 MP: 4/4
   941 | D:4      | Reached XP level 6. HP: 32/57 MP: 5/5
   958 | D:4      | Noticed Duvessa
   958 | D:4      | Noticed Dowan
   972 | D:4      | Killed Dowan
   994 | D:4      | Killed Duvessa
   994 | D:4      | Reached skill level 5 in Axes
  1152 | D:4      | Noticed Edmund
  1166 | D:4      | Killed Edmund
  1166 | D:4      | Reached XP level 7. HP: 59/66 MP: 5/5
  1263 | D:4      | Reached skill level 1 in Dodging
  1550 | D:4      | Reached skill level 5 in Fighting
  1578 | D:4      | Reached skill level 5 in Armour
  1621 | D:5      | Entered Level 5 of the Dungeon
  1670 | D:5      | Found Dinice's Assorted Antiques.
  1707 | D:5      | Found Giz Naegh's Gadget Shop.
  1727 | D:5      | Found Caen Tio's Distillery.
  1759 | D:5      | Reached XP level 8. HP: 60/75 MP: 6/6
  1988 | D:5      | Found Ommuz's Book Shoppe.
  2031 | D:5      | Found Patsiena's Jewellery Boutique.
  2399 | D:6      | Reached skill level 6 in Fighting
  2611 | D:6      | Found Achic's Antique Weapon Shop.
  2611 | D:6      | Noticed Eustachio
  2626 | D:6      | Killed Eustachio
  2628 | D:6      | Bought a runed war axe for 162 gold pieces
  2665 | D:6      | Noticed Pikel
  2687 | D:6      | Killed Pikel
  2687 | D:6      | Reached skill level 7 in Fighting
  2687 | D:6      | Gained mutation: You passively map the area around you.
                  | [Deep Dwarf growth]
  2687 | D:6      | Reached XP level 9. HP: 51/86 MP: 7/7
  2737 | D:6      | Noticed Blork the orc
  2744 | D:6      | Killed Blork the orc
  3578 | D:7      | Found a staircase to the Ecumenical Temple.
  3691 | Temple   | Entered the Ecumenical Temple
  3832 | D:7      | Found Neujoteust's Gadget Shop.
  4082 | D:7      | Found an ornate altar of the Wu Jian Council.
  4082 | D:7      | Found a blossoming altar of Fedhas.
  4413 | D:3      | Found a burning altar of Makhleb.
  4414 | D:3      | Found an iron altar of Okawaru.
  4416 | D:3      | Found a shimmering blue altar of Sif Muna.
  4420 | D:3      | Found a broken altar of Ashenzari.
  4421 | D:3      | Found a bloodstained altar of Trog.
  4421 | D:3      | Found a snail-covered altar of Cheibriados.
  4421 | D:3      | Found a sparkling altar of Nemelex Xobeh.
  4425 | D:3      | Became a worshipper of Makhleb the Destroyer
  4530 | D:8      | Noticed Psyche
  4541 | D:8      | Killed Psyche
  4541 | D:8      | Reached skill level 5 in Dodging
  4541 | D:8      | Reached skill level 1 in Invocations
  4579 | D:8      | Reached skill level 8 in Fighting
  4690 | D:8      | Got a pair of distressingly furry boots
  4701 | D:8      | Identified the +1 pair of boots of Inviolability {rElec}
                  | (You found it on level 8 of the Dungeon)
  4784 | D:8      | Reached XP level 10. HP: 47/96 MP: 8/8
  4896 | D:8      | Found Lomo's Gadget Shop.
  4907 | D:8      | Bought a condenser vane (2/2) for 260 gold pieces
  5014 | D:8      | Noticed a two-headed ogre
  5023 | D:8      | Killed a two-headed ogre
  5023 | D:8      | Reached skill level 5 in Shields
  5023 | D:8      | Reached skill level 1 in Evocations
  5493 | D:9      | Found a staircase to the Lair.
  5607 | D:9      | Reached * piety under Makhleb
  6191 | D:10     | Entered Level 10 of the Dungeon
  6361 | D:10     | Reached skill level 10 in Axes
  6391 | D:10     | Reached ** piety under Makhleb
  6429 | D:10     | Found a staircase to the Orcish Mines.
  6444 | D:10     | Reached skill level 9 in Fighting
  6640 | D:10     | Found a white marble altar of Elyvilon.
  6653 | D:10     | Reached XP level 11. HP: 72/106 MP: 10/10
  7026 | D:11     | Reached skill level 5 in Invocations
  7028 | D:11     | Reached *** piety under Makhleb
  7297 | D:11     | Killed an unseen horror
  7378 | D:11     | Found a hide-covered altar of Uskayaw.
  7386 | D:11     | Reached skill level 5 in Evocations
  7708 | D:12     | Reached skill level 10 in Fighting
  7710 | D:12     | Noticed a two-headed ogre
  7719 | D:12     | Killed a two-headed ogre
  7803 | D:12     | Reached **** piety under Makhleb
  8122 | D:12     | Noticed a purple ugly thing
  8138 | D:12     | Killed a purple ugly thing
  8208 | D:13     | Noticed a brown ugly thing
  8209 | D:13     | Noticed a centaur warrior
  8214 | D:13     | Reached XP level 12. HP: 92/116 MP: 9/9
  8234 | D:13     | Killed a centaur warrior
  8289 | D:13     | Noticed a centaur warrior
  8299 | D:13     | Killed a centaur warrior
  8378 | D:13     | Noticed a four-headed hydra
  8394 | D:13     | Killed a one-headed hydra
  8408 | D:13     | Noticed a centaur warrior
  8424 | D:13     | Killed a centaur warrior
  8479 | D:13     | Noticed a five-headed hydra
  8485 | D:13     | Killed a one-headed hydra
  8649 | D:13     | Reached skill level 11 in Fighting
  8778 | D:13     | Noticed a centaur warrior
  8787 | D:13     | Killed a centaur warrior
  9024 | D:14     | Reached XP level 13. HP: 103/127 MP: 12/12
  9186 | D:14     | Reached skill level 10 in Armour
  9304 | D:14     | Noticed Azrael
  9316 | D:14     | Reached ***** piety under Makhleb
  9336 | D:14     | Killed Azrael
  9435 | D:14     | Found a gate to the Vaults.
  9562 | D:14     | Noticed Louise
  9598 | D:14     | Killed Louise
  9791 | D:15     | Entered Level 15 of the Dungeon
  9879 | D:15     | Found Jufes's Book Emporium.
  9900 | D:15     | Found Aneinu's Distillery.
 10034 | D:15     | Found Qiev Lot's Magic Scroll Shop.
 10039 | D:15     | Bought a scroll of enchant armour for 90 gold pieces
 10039 | D:15     | Bought a scroll of magic mapping for 42 gold pieces
 10288 | D:15     | Found Vizur's Book Boutique.
 10421 | D:15     | Reached skill level 12 in Fighting
 10472 | D:15     | Found a glowing golden altar of the Shining One.
 10520 | D:15     | Paralysed by an orc sorcerer for 3 turns
 10582 | D:15     | Gained mutation: You resist negative energy. (rN+) [Deep
                  | Dwarf growth]
 10582 | D:15     | Reached XP level 14. HP: 130/138 MP: 9/9
 10659 | D:15     | Found a staircase to the Depths.
 10786 | D:15     | Found Qapsodeo's Changing Room.
 11308 | D:5      | Bought a faintly glowing chain mail for 237 gold pieces
 11318 | D:5      | Identified the +2 chain mail of the Saviour {Dex+10 Slay+2}
                  | (You bought it in a shop on level 5 of the Dungeon)
 11420 | Lair:1   | Entered Level 1 of the Lair of Beasts
 11548 | Lair:1   | Reached skill level 10 in Invocations
 11553 | Lair:1   | Got a jewelled war axe
 11554 | Lair:1   | Identified the +7 war axe of Guott {protect, +Inv Int+2}
                  | (You found it on level 1 of the Lair of Beasts)
 11991 | Lair:2   | Found a dark tunnel.
 12006 | Volcano  | Entered a volcano
 12130 | Volcano  | Reached skill level 10 in Evocations
 12255 | Lair:2   | Noticed Fannar
 12262 | Lair:2   | Found a staircase to the Snake Pit.
 12273 | Lair:2   | Killed Fannar
 12273 | Lair:2   | Reached skill level 10 in Shields
 12320 | Lair:2   | Found a large runed translucent door.
 12657 | Lair:2   | Noticed gbos's ghost (journeyman DDFi)
 12658 | Lair:2   | Found a large runed translucent door.
 12801 | Lair:2   | Killed gbos's ghost
 13098 | Lair:3   | Found a staircase to the Shoals.
 13227 | Lair:3   | You fall into a shaft and drop 2 floors!
 13294 | Lair:5   | Found a basalt altar of Yredelemnul.
 13628 | Lair:3   | Identified a scroll of acquirement
 13628 | Lair:3   | Acquired a +2 broad axe of electrocution
 14091 | Orc:1    | Entered Level 1 of the Orcish Mines
 14091 | Orc:1    | Found a roughly hewn altar of Beogh.
 14093 | Orc:1    | Noticed a stone giant
 14094 | Orc:1    | Noticed an orc warlord
 14106 | Orc:1    | Killed a stone giant
 14106 | Orc:1    | Reached skill level 13 in Fighting
 14114 | Orc:1    | Killed an orc warlord
 14114 | Orc:1    | Reached ****** piety under Makhleb
 14357 | Orc:2    | Entered Level 2 of the Orcish Mines
 14366 | Orc:2    | Reached skill level 15 in Axes
 14439 | Orc:2    | Found a staircase to the Elven Halls.
 15134 | Orc:2    | Reached XP level 15. HP: 147/147 MP: 10/10
 15163 | Orc:2    | Found a radiant altar of Vehumet.
 15164 | Orc:2    | Noticed Erolcha
 15173 | Orc:2    | Noticed Nergalle
 15175 | Orc:2    | Killed Erolcha
 15185 | Orc:2    | Killed Nergalle
 15196 | Orc:2    | Found Zehaprof's Magic Scroll Shoppe.
 15203 | Orc:2    | Found Kebecwis's Antique Armour Shoppe.
 15204 | Orc:2    | Found Momm's Book Emporium.
 15205 | Orc:2    | Found a roughly hewn altar of Beogh.
 15271 | Orc:2    | Found an ancient bone altar of Kikubaaqudgha.
 15287 | Orc:2    | Found Feimin's Gadget Shoppe.
 15578 | Orc:2    | Bought a scorched plate armour for 980 gold pieces
 15588 | Orc:2    | Identified the +6 plate armour "Owamuf" {+Inv rC++} (You
                  | bought it in a shop on level 2 of the Orcish Mines)
 15626 | Orc:2    | Bought a shiny helmet for 262 gold pieces
 15851 | Snake:1  | Entered Level 1 of the Snake Pit
 16295 | Snake:4  | Entered Level 4 of the Snake Pit
 16613 | Snake:4  | Reached skill level 14 in Fighting
 16674 | Snake:4  | Noticed a nagaraja
 16675 | Snake:4  | Noticed a nagaraja
 16677 | Snake:4  | Noticed a nagaraja
 16677 | Snake:4  | Noticed a nagaraja
 16686 | Snake:4  | Noticed a nagaraja
 16687 | Snake:4  | Killed a nagaraja
 16687 | Snake:4  | Reached XP level 16. HP: 159/159 MP: 12/12
 16873 | Snake:4  | Got a serpentine rune of Zot
 17113 | Shoals:1 | Entered Level 1 of the Shoals
 17117 | Shoals:2 | Noticed Polyphemus
 17147 | Shoals:2 | Killed Polyphemus
 17223 | Shoals:4 | Entered Level 4 of the Shoals
 17538 | Shoals:4 | Reached skill level 15 in Fighting
 17557 | Shoals:4 | Reached XP level 17. HP: 138/170 MP: 12/12
 17572 | Shoals:4 | Got a barnacled rune of Zot
 18374 | Depths:1 | Entered Level 1 of the Depths
 18409 | D:15     | Cast into level 3 of the Abyss (unwielding a weapon of
                  | distortion)
 18560 | Abyss:3  | Noticed a hellephant
 18752 | Abyss:3  | Noticed a bone dragon
 18779 | Abyss:3  | Killed a bone dragon
 18858 | Abyss:3  | Found a corrupted altar of Lugonu.
 19123 | Abyss:3  | Found an iron altar of Okawaru.
 19319 | Abyss:3  | Noticed a bone dragon
 19349 | Abyss:3  | Killed a bone dragon
 19397 | Abyss:3  | Noticed a lich
 19401 | Abyss:3  | Paralysed by accursed screaming for 2 turns
 19408 | Abyss:3  | Paralysed by accursed screaming for 2 turns
 19491 | Abyss:4  | Got an abyssal rune of Zot
 19502 | D:15     | Escaped the Abyss
 19621 | Depths:1 | Reached skill level 16 in Fighting
 19639 | Depths:1 | Gained mutation: You passively map a large area around you.
                  | [Deep Dwarf growth]
 19639 | Depths:1 | Reached XP level 18. HP: 161/181 MP: 13/13
 19665 | Depths:1 | Identified the +7 quarterstaff "Tais Pef" {protect, rPois}
 19778 | Depths:1 | Noticed Rupert
 19797 | Depths:1 | Killed Rupert
 19838 | Depths:1 | Found a gateway to Hell.
 20209 | Depths:2 | Noticed a Brimstone Fiend
 20214 | Depths:2 | Reached skill level 15 in Invocations
 20393 | Depths:3 | Reached skill level 17 in Fighting
 20599 | Depths:4 | Reached skill level 15 in Armour
 20659 | Depths:4 | Reached XP level 19. HP: 193/193 MP: 15/15
 20693 | Depths:5 | Entered Level 5 of the Depths
 21084 | Depths:5 | Found a transporter.
 21085 | Depths:5 | Noticed a juggernaut
 21086 | Depths:5 | Noticed EnegeticOcto's ghost (adept DDFi)
 21086 | Depths:5 | Identified the +6 demon whip of Otseit {drain, *Noise rElec
                  | Str+6}
 21087 | Depths:5 | Found a bloodstained altar of Trog.
 21087 | Depths:5 | Identified the +6 quick blade "Ultimatum" {venom, rF+ rC+
                  | Dex+2 SInv}
 21093 | Depths:5 | Identified the +2 rapier "Hekh" {chaos, rC++}
 21176 | Depths:5 | Noticed a golden dragon
 21200 | Depths:5 | Killed a golden dragon
 21200 | Depths:5 | Reached skill level 18 in Fighting
 21206 | Depths:5 | Reached skill level 15 in Shields
 21315 | Depths:5 | Found a gate to the Realm of Zot.
 21324 | Zot:1    | Entered Level 1 of the Realm of Zot
 21341 | Zot:1    | Noticed a golden dragon
 21358 | Zot:1    | Killed a golden dragon
 21417 | Zot:3    | Noticed a golden dragon
 21418 | Zot:3    | Noticed a golden dragon
 21434 | Zot:2    | Killed a golden dragon
 21450 | Zot:3    | Noticed an orb of fire
 21451 | Zot:3    | Gained mutation: You are robust. (+10% HP) [an orb of fire]
 21452 | Zot:3    | Noticed an orb of fire
 21473 | Zot:3    | Killed a golden dragon
 21481 | Zot:3    | Gained mutation: You are dopey. (Int -2) [an orb of fire]
 21485 | Zot:3    | Killed an orb of fire
 21485 | Zot:3    | Reached XP level 20. HP: 226/226 MP: 16/16
 21488 | Zot:3    | Gained mutation: You are weak. (Str -2) [an orb of fire]
 21500 | Zot:3    | Gained mutation: You are resistant to electric shocks.
                  | (rElec) [an orb of fire]
 21501 | Zot:3    | Killed an orb of fire
 21584 | Zot:4    | Reached skill level 19 in Fighting
 21590 | Zot:5    | Entered Level 5 of the Realm of Zot
 21612 | Zot:5    | Noticed a Killer Klown
 21612 | Zot:5    | Noticed a Killer Klown
 21612 | Zot:5    | Noticed a golden dragon
 21612 | Zot:5    | Noticed an orb of fire
 21612 | Zot:5    | Noticed an orb of fire
 21612 | Zot:5    | Noticed an orb of fire
 21612 | Zot:5    | Noticed a golden dragon
 21612 | Zot:5    | Noticed an orb of fire
 21612 | Zot:5    | Gained mutation: Scrolls take you a little longer to read.
                  | [an orb of fire]
 21615 | Zot:5    | Got the Orb of Zot
 21616 | Zot:5    | Noticed an ancient lich
 21617 | Zot:5    | Lost mutation: You are weak. (Str -2) [an orb of fire]
 21619 | Zot:5    | Gained mutation: Your magical capacity is low. (-10% MP)
                  | [an orb of fire]
 21620 | Zot:5    | Noticed a Killer Klown
 21620 | Zot:5    | Noticed a Killer Klown
 21620 | Zot:5    | Noticed an orb of fire
 21620 | Zot:5    | Noticed an orb of fire
 21620 | Zot:5    | Noticed an orb of fire
 21622 | Zot:5    | Noticed an orb of fire
 21624 | Zot:5    | Noticed an ancient lich
 21637 | Zot:5    | Noticed a seraph
 21646 | Zot:5    | Noticed an ancient lich
 21647 | Zot:5    | Killed a seraph
 21696 | Zot:4    | HP: 11/228 [ancient lich/bolt of acid (19)]
 21696 | Zot:4    | HP: 4/228 [acid (7)]
 21702 | Zot:4    | Killed from afar by an ancient lich

Illustrated notes

Levels and vault maps discovered:
D:1:      minmay_arrival_shattered_statue, layout_basic
D:2:      layout_loops_ring, chequers_ecumenical_altar_simple_redux,
          uniq_sigmund, uniq_robin
D:3:      layout_basic, lemuel_round_altar, minitemple, st_stairs_13,
          grunt_ministairs_9, minmay_joined_circles
D:4:      layout_loops_ring, uniq_edmund, uniq_duvessa, uniq_grinder
D:5:      layout_loops_ring, serial_shops, shop, shop, nicolae_shop_stone,
          shop_fountains, shop, chequers_serial_rivers_small_b
D:6:      layout_loops_ring, serial_shops, nicolae_shop_stone, lightli_minifort,
          uniq_blork_the_orc, uniq_pikel, uniq_eustachio
D:7:      layout_loops_ring, gammafunk_temple_overflow_elements, temple_doors_e,
          serial_shops, shop
D:8:      layout_loops_corners, serial_shops, nicolae_shop_statue_plus,
          uniq_psyche
D:9:      layout_basic, lair_entry_dummy, kennysheep_generic_room_6
D:10:     layout_roguey, erik_orc_1, basic_altar, st_stairs_12
D:11:     layout_basic, basic_altar
D:12:     layout_cave_pods
D:13:     layout_rooms
D:14:     layout_layer_cave, david_vaults_2, serial_bayou_pond_b,
          chequers_hall_statues_y, uniq_louise, uniq_azrael
D:15:     hangedman_depths_entry_civil_slaughter, layout_stronghold,
          serial_shops, nicolae_shop_statue_plus, nicolae_shop_stone,
          shop_scrolls, shop_fountains, nicolae_tso_carved_into_rock,
          nicolae_transmutations_shop
Temple:   dpeg_three_leaves_temple
Lair:1:   layout_regular_city, lemuel_fruit_tree, lemuel_fruit_fields
Lair:2:   layout_cave_shapes, guppyfry_snake_entry_island,
          lightli_volcano_entry_magma_tube, ebering_ghost_disaster_area,
          grunt_megastairs_2, uniq_fannar
Lair:3:   layout_chaotic_city, minmay_shoals_entry_hut
Lair:4:   layout_cave_pods, infiniplex_staircase_pool
Lair:5:   layout_regular_city, basic_altar
Shoals:1: layout_shoals
Shoals:2: cheibrodos_shoals_roost, layout_shoals, uniq_polyphemus
Shoals:3: gammafunk_the_bubble [the_bubble_gammafunk_plus_minus], layout_shoals
Shoals:4: shoals_end_grunt_ice, layout_shoals
Snake:1:  layout_gridlike, portal_ice_cave_entry_dragon, serial_bayou_crossing,
          minmay_shop_grove, serial_bayou_shore_b, uniq_nikola
Snake:2:  layout_onion_interference
Snake:3:  kennysheep_snake, layout_onion_interference, grunt_megastairs_5
Snake:4:  snake_pit, layout_gridlike
Orc:1:    layout_caves, serial_shops, basic_altar
Orc:2:    kennysheep_orc_mage_school, layout_caves, lemuel_statue_altar
Depths:1: layout_gridlike, kennysheep_pointless_box, abyss_entry,
          grunt_hell_entry_demonic_statue, hangedman_decor_clover_reticule,
          minivault_14, sword_in_stone
Depths:2: minmay_mutant_horseshoe, layout_cave_pools, infiniplex_staircase_star,
          abyss_entry, hangedman_coc_ice_floe, kennysheep_nondescript
Depths:3: ragdoll_tomb_raider, layout_basic, enter_ziggurat_e,
          minmay_misc_feat_alley, rand_demon_pan_entry_5, hell_entry,
          grunt_ministairs_8
Depths:4: minmay_outward_triangles, layout_cave_pools, grunt_decor_one_mirror,
          serial_column_ruins, column_ruins_hut, column_ruins_square_small,
          column_ruins_open_tiny, column_ruins_open_small,
          column_ruins_open_small, column_ruins_open_medium_water,
          abyss_entry_small_statue_room, pf_hell_entry_tar_river
Depths:5: grunt_zot_entry_alcove, layout_gridlike, patterned_corridor,
          hell_entry, gammafunk_ghost_wrathful_warriors
Zot:1:    layout_concentric_octagons
Zot:2:    layout_onion
Zot:3:    layout_misc_corridors, zot_minivault_5
Zot:4:    layout_onion, st_single_dragon_hoard_2, hangedman_spider_trapstep,
          grunt_megastairs_3
Zot:5:    layout_basic

Skill      XL: |  1  2  3  4  5  6  7  8  9 10 11 12 13 14 15 16 17 18 19 20 |
---------------+-------------------------------------------------------------+-----
Fighting       | 3 4 5 7 8 9 10 11 12 13 14 15 16 17 18 19 | 19.3
Axes           | 3 4 5 6 7 9 10 11 12 13 15 16 17 18 | 18.0
Armour         | 4 5 6 7 8 9 10 11 12 13 14 15 16 | 16.8
Shields        | 4 6 7 8 9 10 11 12 13 14 15 16 | 16.2
Dodging        | 2 4 5 |  5.1
Invocations    | 2 4 6 8 9 10 12 13 14 15 | 15.0
Evocations     | 3 5 7 9 10 | 10.0

Action                   |  1- 3 |  4- 6 |  7- 9 | 10-12 | 13-15 | 16-18 | 19-21 || total
-------------------------+-------+-------+-------+-------+-------+-------+-------++-------
Melee: War axe           |   103 |   107 |   387 |   659 |   609 |       |       ||  1865
       Broad axe         |       |       |       |       |   411 |  1195 |   423 ||  2029
Invok: Lesser Servant of |       |       |       |     5 |    10 |     1 |       ||    16
       Greater Servant o |       |       |       |       |     2 |     2 |       ||     4
 Abil: Heal Wounds       |     1 |     5 |     7 |    12 |    13 |    14 |    28 ||    80
Evoke: Wand              |       |       |       |       |     5 |     1 |       ||     6
       Condenser vane    |       |       |       |       |     3 |     5 |     1 ||     9
  Use: Scroll            |       |       |    16 |    12 |    11 |     3 |    14 ||    56
       Potion            |       |       |       |       |       |     4 |     8 ||    12
 Stab: Distracted        |       |       |       |     2 |     3 |     2 |     2 ||     9
       Paralysed         |       |       |       |       |     3 |       |       ||     3
       Petrified         |       |       |       |       |       |     4 |       ||     4
Armor: Scale mail        |    34 |       |       |       |       |       |       ||    34
       Chain mail        |    17 |    61 |    91 |       |    66 |       |       ||   235
       Plate armour      |       |       |    77 |   379 |   299 |   507 |   187 ||  1449
       Gold dragon scale |       |       |       |       |       |       |   168 ||   168
Dodge: Dodged            |    25 |    13 |    48 |   154 |   211 |   322 |   130 ||   903
Block: Kite shield       |    59 |    81 |    67 |       |       |       |       ||   207
       Tower shield      |       |       |   185 |   641 |  1007 |  1280 |   607 ||  3720

Table legend: (Time is in decaauts)
 A = Elapsed time spent in this place.
 B = Non-inter-level travel time spent in this place.
 C = Inter-level travel time spent in this place.
 D = Time resting spent in this place.
 E = Time spent auto-exploring this place.
 F = Levels seen in this place.
 G = Mean time per level.
                   A        B        C        D        E       F      G
               +--------+--------+--------+--------+--------+-----+--------+
         Total |  21565 |  19099 |   2466 |     37 |  12434 |  44 |  490.1 |
       Dungeon |  12198 |  10612 |   1586 |      6 |   7513 |  15 |  813.2 |
        Temple |     83 |     68 |     15 |      0 |     67 |   1 |   83.0 |
          Lair |   2648 |   2247 |    401 |      0 |   1834 |   5 |  529.6 |
        Shoals |    684 |    607 |     77 |      0 |    197 |   4 |  171.0 |
     Snake Pit |   1166 |    975 |    191 |      0 |    390 |   4 |  291.5 |
  Orcish Mines |   1608 |   1494 |    114 |      0 |   1180 |   2 |  804.0 |
        Depths |   1686 |   1650 |     36 |      0 |    727 |   5 |  337.2 |
           Zot |    319 |    275 |     44 |     22 |      2 |   5 |   63.8 |
         Abyss |   1023 |   1023 |      0 |      9 |    448 |   2 |  511.5 |
       Volcano |    146 |    146 |      0 |      0 |     75 |   1 |  146.0 |
               +--------+--------+--------+--------+--------+-----+--------+

Top non-repeatable levels by time:
    D:15: 1349 daAuts
   Orc:2: 1339 daAuts
     D:6: 1148 daAuts
     D:9: 1050 daAuts
    D:14: 1036 daAuts
     D:7: 954 daAuts
 Abyss:3: 945 daAuts
     D:8: 939 daAuts
    D:10: 915 daAuts
     D:5: 848 daAuts
     D:4: 844 daAuts
  Lair:2: 843 daAuts
  Lair:3: 818 daAuts
    D:12: 753 daAuts
    D:13: 665 daAuts
